 Dungeon Crawl Stone Soup version 0.18.1-48-g4cf74bf (webtiles) character file.

33 mopl the Sneak (level 3, 0/27 HPs)
             Began as a Vine Stalker Wanderer on Aug 29, 2016.
             Killed by divine providence
             ... invoked by an orc priest
              (7 damage)
             ... on level 3 of the Dungeon.
             The game lasted 00:02:20 (919 turns).

mopl the Sneak (Vine Stalker Wanderer)               Turns: 919, Time: 00:02:21

Health: 0/27       AC: 21    Str: 16    XL:     3   Next: 29%
Magic:  0/4        EV:  2    Int:  8    God:
Gold:   84         SH:  0    Dex: 16    Spells: 0 memorised, 2 levels left

rFire  . . .     SeeInvis .     c - +0 quarterstaff
rCold  . . .     Gourm    .     (armour currently unavailable)
rNeg   + + +     Faith    .     (shield currently unavailable)
rPois  +         Spirit   +     (helmet currently unavailable)
rElec  .         Dismiss  .     (cloak currently unavailable)
rCorr  .         Reflect  .     (gloves currently unavailable)
SustAt .         Harm     .     (boots currently unavailable)
MR     .....     NoTele   +     (no amulet)
Stlth  +++.......               (no ring)
                                (no ring)

@: tree-form, not resistant to hostile enchantments, fairly stealthy
A: (fangs 0), regeneration 1, magic shield, (antimagic bite), no device heal 3,
rot immunity
a: no special abilities


You were on level 3 of the Dungeon.
You were not hungry.
You were a tree.
You visited 1 branch of the dungeon, and saw 3 of its levels.

You collected 84 gold pieces.

Inventory:

Hand Weapons
 a - a +2 dagger
 c - a +0 quarterstaff (weapon)
 d - a +0 spear
 h - a +0 short sword
Missiles
 m - 2 javelins (quivered)
Armour
 e - a +0 robe (melded)
Scrolls
 b - 2 scrolls of fear
 g - a scroll of teleportation {unknown}
 i - a scroll of amnesia {unknown}
 j - a scroll of identify {unknown}
 k - a scroll of magic mapping {unknown}
 p - a scroll of recharging {unknown}
 q - a scroll of random uselessness {unknown}
 r - a scroll of enchant weapon {unknown}
 u - a scroll of noise {unknown}
Potions
 l - a potion of degeneration {unknown}
 n - a potion of lignification {!q}
 o - 3 potions of might {unknown}
 s - a potion of agility {unknown}
Comestibles
 f - 2 bread rations
 t - a chunk of flesh


   Skills:
 + Level 2.1 Fighting
 + Level 1.0 Short Blades
 - Level 1.7 Polearms
   Level 1.0 Bows
 + Level 1.0 Throwing
 - Level 1.5 Armour
 - Level 1.0 Dodging
 + Level 3.3 Stealth


You had 2 spell levels left.
You didn't know any spells.

Dungeon Overview and Level Annotations

Branches:
Dungeon (3/15)

Altars:


Innate Abilities, Weirdness & Mutations

((You have extremely sharp teeth.))
Your natural rate of healing is unusually fast.
When hurt, damage is shared between your health and your magic reserves.
((Your bite disrupts and absorbs the magic of your enemies.))
Potions and wands cannot restore your health.
You are immune to rotting.


Message History

The orc priest shouts!
Your bite misses the orc priest.
You hear a shout!
The orc priest hits you with a trident.
The orc priest mumbles some strange prayers to Beogh against you.
Beogh smites you!
Ouch! That really hurt!
* * * LOW HITPOINT WARNING * * *
Drink which item? (? for menu, Esc to quit)
Okay, then.
Drink which item? (? for menu, Esc to quit)
It was a potion of lignification.
You turn into a tree.
Your +0 robe melds into your body.
Your roots penetrate the ground.
The orc wizard gestures wildly while chanting.
The orc wizard blinks!
The orc priest hits you but does no damage.
You barely miss the orc priest.
The orc priest calls down the wrath of Beogh upon you.
Beogh smites you!
You die...

#.#
#§#
#.#
#o#
#o#
#{#
#o#
#♣#
#.#
#.#
#.#
#.#
#.#
#.#
#.#
#.#


You could see 2 orc priests and an orc.

Vanquished Creatures
  2 dart slugs (D:1)
  3 bats
  2 giant cockroaches (D:1)
  3 goblins (D:1)
  5 hobgoblins
  A quokka (D:2)
  A giant newt (D:1)
  4 kobolds
  7 rats
28 creatures vanquished.

Notes
Turn   | Place    | Note
--------------------------------------------------------------
     0 | D:1      | mopl the Vine Stalker Wanderer began the quest for the Orb.
     0 | D:1      | mopl set off with: a +2 dagger, a scroll of fear, a +0 quarterstaff, a +0 spear, a +0 robe, a bread ration
     0 | D:1      | Reached XP level 1. HP: 11/11 MP: 2/2
    78 | D:1      | Reached XP level 2. HP: 9/15 MP: 1/3
   297 | D:1      | Reached skill level 2 in Fighting
   343 | D:1      | Reached skill level 3 in Stealth
   567 | D:1      | Reached skill level 1 in Short Blades
   567 | D:1      | Reached XP level 3. HP: 18/18 MP: 4/4
   760 | D:2      | Reached skill level 1 in Throwing
   919 | D:3      | Killed from afar by an orc priest

Skill      XL: |  1  2  3 |
---------------+----------+-----
Fighting       | 2 |  2.1
Stealth        | 3 |  3.3
Short Blades   | 1 |  1.0
Throwing       | 1 |  1.0
Polearms       | |  1.7
Bows           | |  1.0
Armour         | |  1.5
Dodging        | |  1.0

Action                   || total
-------------------------++-------
Melee: Quarterstaff      ||    56
       Dagger            ||     3
       Bite              ||     8
  Use: Potion            ||     1
 Stab: Sleeping          ||     8
Armor: Robe              ||    10
       Skin              ||     1
Dodge: Dodged            ||    29
